 Dungeon Crawl Stone Soup version 0.30.1-4-g462c640d31 (webtiles) character file.

Game seed: 16692346518682145482

184 Arctor the Ruffian (level 5, -4/42 HPs)
             Began as a Draconian Transmuter on Sept 7, 2023.
             Slain by an iguana (10 damage)
             ... on level 4 of the Dungeon.
             The game lasted 00:01:57 (4212 turns).

Arctor the Ruffian (Draconian Transmuter)           Turns: 4212, Time: 00:01:57

Health: -4/42      AC:  5    Str: 13      XL:     5   Next: 36%
Magic:  8/9        EV: 12    Int: 14 (15) God:
Gold:   206        SH:  0    Dex: 10 (11) Spells: 8/9 levels left

rFire   . .          .
                       - Unarmed
rCold   . . .        (no shield)
rNeg    . . .        (body armour unavailable)
rPois   .            (helmet currently unavailable)
rElec   .            (no cloak)
rCorr   .            (no gloves)
SInv    .            (boots currently unavailable)
Will    .....        (no amulet)
Stlth   +            (no ring)
HPRegen 0.27/turn    (no ring)
MPRegen 0.11/turn

%: no passive effects
@: appendages
A: horns 2, talons 2, AC +5, unfitting armour, cold-blooded
a: End Transformation


You were on level 4 of the Dungeon.
You had temporarily grown beastly horns and talons.
You visited 1 branch of the dungeon, and saw 4 of its levels.

You collected 206 gold pieces.

Inventory:

Jewellery
 m - the ring of Ascent {+Blink rPois rF- AC+4}
   (You found it on level 2 of the Dungeon)

   [ring of protection]

   AC:        It affects your AC (+4).
   rF:        It makes you vulnerable to fire.
   rPois:     It protects you from poison.
   +Blink:    It lets you blink.
 s - a ring of positive energy
Wands
 p - a wand of polymorph (1)
Scrolls
 b - 2 scrolls of enchant weapon {unknown}
 c - a scroll of brand weapon {unknown}
 d - 4 scrolls of noise {unknown}
 e - 2 scrolls of blinking {unknown}
 f - 4 scrolls of identify {unknown}
 g - a scroll of teleportation {unknown}
 j - 2 scrolls of silence {unknown}
 k - 2 scrolls of vulnerability {unknown}
 q - a scroll of immolation {unknown}
 r - a scroll of butterflies {unknown}
 t - a scroll of enchant armour {unknown}
Potions
 a - a potion of lignification
 l - a potion of degeneration
 n - a potion of heal wounds {unknown}
 o - 2 potions of curing {unknown}
 u - a potion of haste {unknown}


   Skills:
 + Level 2.7 Fighting
 + Level 2.7 Dodging
 + Level 3.7 Unarmed Combat
 + Level 2.9 Spellcasting
 + Level 3.0 Transmutations


You had 8 spell levels left.
You knew the following spells:

 Your Spells              Type           Power      Damage    Failure   Level
a - Beastly Appendage     Tmut           20%        N/A       6%          1

Your spell library contained the following spells:

 Spells                   Type           Power      Damage    Failure   Level
 Wereblood                Tmut           10%        N/A       10%         2
 Spider Form              Tmut/Pois      6%         N/A       34%         3
 Ice Form                 Ice/Tmut       6%         N/A       75%         4
 Iskenderun's Battlesphe  Conj           2%         2d6       99%         5
 Iron Shot                Conj/Erth      1%         9d1       100%        6
 Spellforged Servitor     Conj/Summ      1%         N/A       100%        7


Dungeon Overview and Level Annotations

Branches:
Dungeon (4/15)
 Temple: D:4-7

Altars:


Innate Abilities, Weirdness & Mutations

You have temporarily grown beastly horns and talons.
Your plain brown scales are hard. (AC +5)
You cannot fit into any form of body armour.
You are cold-blooded and may be slowed by cold attacks.


Message History

You closely miss the jackal.
Your tail-slap misses the jackal.
The jackal bites you.
You closely miss the jackal. You claw the jackal.
You kill the jackal!
You closely miss the iguana. You claw the iguana.
The iguana is lightly wounded.
Your horns disappear.
Your talons disappear.
The iguana bites you.
You barely miss the iguana.
The iguana is lightly wounded.
The iguana bites you.
You hit the iguana.
The iguana is moderately wounded.
You hit the iguana.
The iguana is moderately wounded.
The iguana bites you.
You hit the iguana.
The iguana is heavily wounded.
The iguana closely misses you.
You hit the iguana.
You tail-slap the iguana, but do no damage.
The iguana is almost dead.
The iguana bites you!
* * * LOW HITPOINT WARNING * * *
Casting: Beastly Appendage (safe; 6% risk of failure)
Confirm with . or Enter, or press ? or * to list all spells.
You grow a pair of large bovine horns.
Your feet morph into talons.
The iguana barely misses you.
You barely miss the iguana.
The iguana is severely wounded.
The iguana bites you.
* * * LOW HITPOINT WARNING * * *
You closely miss the iguana. Your kick misses the iguana.
Your headbutt misses the iguana. You punch the iguana.
The iguana is almost dead.
The iguana barely misses you.
You hit the iguana. You claw the iguana, but do no damage.
The iguana is almost dead.
The iguana bites you!
You die...

.......... ...............
#.........# .##.............
..........## ...............
.........[.# #.............
.....!.....####........#...#
..............#........#####
..........# #............#
.........g#####......#.#.##
........#gl@.#######.#.#..##
#..####.####.<..####.#.##..#
. #....####..รท.......#..
####..#######.......##
##..### #.........#
##...###...(.....#
###..##.........#
##............#
#.....###.........#


You could see an iguana and 2 hobgoblins.

Vanquished Creatures
  A phantom (D:4)
  4 adders
  A worm (D:2)
  3 dart slugs
  6 ball pythons
  8 bats
  9 endoplasms
  8 goblins
  6 hobgoblins
  3 jackals (D:4)
  2 kobolds
  3 quokkas
  A frilled lizard (D:2)
  6 rats
61 creatures vanquished.

Notes
Turn   | Place    | Note
-------+----------+-------------------------------------------
     0 | D:1      | Arctor the Draconian Transmuter began the quest for the
                  | Orb.
     0 | D:1      | Reached XP level 1. HP: 16/16 MP: 3/3
   372 | D:1      | Reached XP level 2. HP: 4/23 MP: 0/5
  1362 | D:2      | Reached XP level 3. HP: 29/29 MP: 4/6
  1515 | D:2      | Found a faded altar of an unknown god.
  2017 | D:2      | Identified the ring of Ascent {+Blink rPois rF- AC+4}
  2047 | D:2      | Reached XP level 4. HP: 36/36 MP: 4/7
  4001 | D:4      | Noticed a phantom
  4037 | D:4      | Killed a phantom
  4038 | D:4      | Reached XP level 5. HP: 14/42 MP: 3/9
  4212 | D:4      | Slain by an iguana

Illustrated notes

Levels and vault maps discovered:
D:1:      lemuel_arrival_lava_pool, layout_basic
D:2:      layout_basic, hellmonk_ecumenical_altar_pennies_from_heaven,
          nicolae_eternal_life
D:3:      layout_basic
D:4:      layout_rooms

Skill      XL: |  1  2  3  4 |
---------------+-------------+-----
Dodging        | 2 |  2.7
Fighting       | 2 |  2.7
Transmutations | 3 |  3.0
Unarmed Combat | |  3.7
Spellcasting   | |  2.9

Action                     |  1- 3 |  4- 6 || total
---------------------------+-------+-------++-------
  Melee: Unarmed           |   100 |   100 ||   200
         Kick              |    23 |    17 ||    40
         Tailslap          |     8 |    11 ||    19
         Headbutt          |    13 |     8 ||    21
         Punch             |       |     3 ||     3
   Cast: Beastly Appendage |    72 |    85 ||   157
    Use: Potion            |       |     3 ||     3
 Armour: Skin              |    50 |    35 ||    85
  Dodge: Dodged            |    70 |    82 ||   152
